 Dungeon Crawl Stone Soup version 0.25.0-26-g0c896c7088 (webtiles) character file.

Game seed: 2780607670404118171

2 lepoulpe303 the Vexing (level 1, 0/17 HPs)
             Began as a Gnoll Arcane Marksman on July 2, 2020.
             Slain by a jackal (2 damage)
             ... on level 1 of the Dungeon.
             The game lasted 00:00:22 (28 turns).

lepoulpe303 the Vexing (Gnoll Arcane Marksman)        Turns: 28, Time: 00:00:23

Health: 0/17       AC:  2    Str: 12    XL:     1   Next: 30%
Magic:  4/4        EV: 14    Int: 15    God:
Gold:   0          SH:  0    Dex: 15    Spells: 4/5 levels left

rFire    . . .     SeeInvis .   a - +0 hand crossbow
rCold    . . .     Gourm    .   (no shield)
rNeg     . . .     Faith    .   f - +0 robe
rPois    .         Spirit   .   (no helmet)
rElec    .         Reflect  .   (no cloak)
rCorr    .         Harm     .   (no gloves)
MR       .....                  (no boots)
Stlth    +.........             (no amulet)
HPRegen  0.05/turn              (no ring)
MPRegen  0.09/turn              (no ring)

@: no status effects
A: distributed training, fangs 1, strong nose
a: no special abilities


You were on level 1 of the Dungeon.
You were not hungry.

You visited 1 branch of the dungeon, and saw 1 of its levels.

Inventory:

Hand Weapons
 a - a +0 hand crossbow (weapon)
Missiles
 Q - 11 bolts (quivered)
Armour
 f - a +0 robe (worn)
Comestibles
 e - a ration


   Skills:
 + Level 2.3 Fighting
 + Level 0.0 Short Blades
 + Level 0.0 Long Blades
 + Level 0.0 Axes
 + Level 0.0 Maces & Flails
 + Level 0.0 Polearms
 + Level 0.0 Staves
 + Level 0.0 Slings
 + Level 0.0 Bows
 + Level 4.4 Crossbows
 + Level 0.0 Throwing
 + Level 0.0 Armour
 + Level 4.4 Dodging
 + Level 0.0 Stealth
 + Level 0.0 Shields
 + Level 0.0 Unarmed Combat
 + Level 2.6 Spellcasting
 + Level 0.0 Conjurations
 + Level 5.3 Hexes
 + Level 0.0 Charms
 + Level 0.0 Summonings
 + Level 0.0 Necromancy
 + Level 0.0 Translocations
 + Level 0.0 Transmutations
 + Level 0.0 Fire Magic
 + Level 0.0 Ice Magic
 + Level 0.0 Air Magic
 + Level 0.0 Earth Magic
 + Level 0.0 Poison Magic
 + Level 0.0 Invocations
 + Level 0.0 Evocations


You had 4 spell levels left.
You knew the following spells:

 Your Spells              Type           Power        Failure   Level  Hunger
v - Corona                Hex            ###....      2%          1    #......

Your spell library contained the following spells:

 Spells                   Type           Power        Failure   Level  Hunger
 Slow                     Hex            ###.....     3%          2    ###....
 Inner Flame              Hex/Fire       #.......     22%         3    ###....
 Portal Projectile        Hex/Tloc       #.....       22%         3    ###....
 Cause Fear               Hex            ###.......   24%         4    #####..
 Leda's Liquefaction      Hex/Erth       #.........   56%         4    #####..


Dungeon Overview and Level Annotations

Branches:
Dungeon (1/15)

Altars:


Innate Abilities, Weirdness & Mutations

Your experience applies equally to all skills.
You have very sharp teeth.
Your uncanny sense of smell can sniff out nearby items.


Message History

You take 2 damage, and have 7/17 hp.
Firing (i - inventory)
Q - 14 bolts (quivered)
Aim: a jackal You shoot a bolt.
The bolt barely misses the jackal.
The bolt barely misses the goblin.
The jackal closely misses you. The jackal completely misses you.
Firing (i - inventory)
Q - 13 bolts (quivered)
Aim: a jackal You shoot a bolt.
The bolt closely misses the jackal.
The bolt barely misses the goblin.
The jackal bites you.
* * * LOW HITPOINT WARNING * * *
The goblin hits you with a +0 club.
* * * LOW HITPOINT WARNING * * *
You take 2 damage, and have 5/17 hp.
Firing (i - inventory)
Q - 12 bolts (quivered)
Aim: a jackal You shoot a bolt.
The bolt closely misses the jackal.
The jackal bites you.
* * * LOW HITPOINT WARNING * * *
The jackal bites you.
You die...

#.###.# ...# #.....#
#.#.... ###.#.#.###
#.#.... #.........#
......
#.#.#.#.#.###.##.# #
#.#.......#.. .#
#.###.###.#.#.#.##.# .
.....<....(.#.#.(g.#....
#.###.###.#.#...@h.(.?.(
#.#.......##########
#.#.#.###.# ......# ..#
#.#.###.### .... .. ###
.# ..


You could see a jackal and a goblin.

Levels and vault maps discovered:
D:1:      roderic_chinese_lattice_arrival, layout_basic

Notes
Turn   | Place    | Note
-------+----------+-------------------------------------------
     0 | D:1      | lepoulpe303 the Gnoll Arcane Marksman began the quest for
                  | the Orb.
     0 | D:1      | Reached XP level 1. HP: 17/17 MP: 4/4
    19 | D:1      | Identified a +0 hand crossbow
    23 | D:1      | Identified a +0 club
    28 | D:1      | HP: 2/17 [jackal (3)]
    28 | D:1      | Slain by a jackal

Table legend:
 A = Turns spent in this place as a percentage of turns spent in the entire game.
 B = Non-inter-level travel turns spent in this place as a percentage of non-inter-level travel turns spent in the entire game.
 C = Inter-level travel turns spent in this place as a percentage of turns spent in this place.
 D = Turns resting spent in this place as a percentage of non-inter-level travel turns spent in this place.
 E = Turns spent auto-exploring this place as a percentage of non-inter-level travel turns spent in this place.
 F = Non-inter-level travel turns spent in this place divided by the number of levels of this place that you've seen.
                   A       B       C       D       E      F
               +-------+-------+-------+-------+-------+----------------------
         Total | 100.0 | 100.0 |   0.0 |   0.0 |  60.7 |  28.0
       Dungeon | 100.0 | 100.0 |   0.0 |   0.0 |  60.7 |  28.0
               +-------+-------+-------+-------+-------+----------------------

Table legend:
 A = Kills in this place as a percentage of kills in entire the game.
 B = Kills by you in this place as a percentage of kills by you in the entire game.
 C = Kills by friends in this place as a percentage of kills by friends in the entire game.
 D = Other kills in this place as a percentage of other kills in the entire game.
 E = Experience gained in this place as a percentage of experience gained in the entire game.
 F = Experience gained in this place divided by the number of levels of this place that you have seen.
                   A       B       C       D       E      F
               +-------+-------+-------+-------+-------+----------------------
         Total | 100.0 | 100.0 |   N/A |   N/A | 100.0 |   3.0
       Dungeon | 100.0 | 100.0 |   N/A |   N/A | 100.0 |   3.0
               +-------+-------+-------+-------+-------+----------------------

Action                   || total
-------------------------++-------
 Fire: Hand crossbow     ||     9
Armor: Robe              ||     2
Dodge: Dodged            ||     8

Vanquished Creatures
  A jackal (D:1)
  A bat (D:1)
2 creatures vanquished.
